 Dungeon Crawl Stone Soup version 0.31-a0-986-g5e6e4ef867 (webtiles) character file.

Game seed: 1396366276022839016

86 RepHenryClay the Firebug (level 4, -1/24 HPs)
             Began as a Deep Elf Fire Elementalist on Nov 21, 2023.
             Killed by nerve-wracking pain
             ... invoked by an orc priest
              (10 damage)
             ... on level 3 of the Dungeon.
             The game lasted 00:05:31 (2469 turns).

RepHenryClay the Firebug (DEFE)                     Turns: 2469, Time: 00:05:32

Health: -1/24      AC: 16    Str:  5    XL:     4   Next: 26%
Magic:  8/10       EV: 12    Int: 22    God:
Gold:   35         SH:  0    Dex: 15    Spells: 6/9 levels left

rFire   . . .        a - +7 staff of the Meek {protect, meekguard}
rCold   . . .        (shield currently unavailable)
rNeg    . . .        g - +0 robe
rPois   .            (no helmet)
rElec   .            (no cloak)
rCorr   .            (no gloves)
SInv    .            (no boots)
Will    .....        (no amulet)
Stlth   +            k - ring of flight
HPRegen 0.24/turn    (no ring)
MPRegen 0.12/turn

%: no passive effects
@: confused, under a protective aura, on berserk cooldown, attractive, flying,
slowed, very slow
A: no striking features
a: no special abilities


You were on level 3 of the Dungeon.
You visited 1 branch of the dungeon, and saw 3 of its levels.

You collected 35 gold pieces.

Inventory:

Hand Weapons
 a - the +7 staff of the Meek (weapon) {protect, meekguard}
   (You found it on level 2 of the Dungeon)
Missiles
 i - 2 throwing nets
Armour
 g - a +0 robe (worn)
Magical Staves
 d - a staff of air
Jewellery
 k - a ring of flight (left hand)
Scrolls
 c - a scroll of vulnerability
 l - a scroll of fog
Potions
 b - a potion of magic
 e - a potion of resistance


   Skills:
 + Level 1.3 Staves
 - Level 2.4 Dodging
 - Level 2.4 Stealth
 - Level 3.0 Spellcasting
 + Level 3.0 Conjurations
 + Level 4.3 Fire Magic


You had 6 spell levels left.
You knew the following spells:

 Your Spells              Type           Power      Damage    Failure   Level
a - Foxfire               Conj/Fire      76%        2x1d7     2%          1
b - Scorch                Fire           44%        2d6       3%          2

Your spell library contained the following spells:

 Spells                   Type           Power      Damage    Failure   Level
 Inner Flame              Hex/Fire       13%        N/A       16%         3
 Volatile Blastmotes      Fire/Tloc      26%        2d12      16%         3
 Flame Wave               Conj/Fire      19%        2d7       26%         4
 Fulminant Prism          Conj/Hex       4%         3d5       54%         4
 Iskenderun's Mystic Bla  Conj/Tloc      9%         2d4       54%         4


Dungeon Overview and Level Annotations

Branches:
Dungeon (3/15)

Altars:


Message History

A red film seems to cover your vision as you go berserk!
You feel yourself moving faster!
You feel mighty!
You start resting.
You feel a strong urge to attack something.
You start resting.
You feel your anger nearly subside.
You start resting.
You are no longer berserk.
You are exhausted.
You feel yourself slow down.
Huge Dmg: -29%(-7hp) hp: 55%(13hp)
Okay, then.
Casting: Foxfire (safe; 2% risk of failure)
Confirm with . or Enter, or press ? or * to list all spells.
You conjure some foxfire!
Your foxfire dissipates! x2
The orc wizard gestures at you while chanting.
You are confused.
The orc wizard is attracted toward you. The orc priest is attracted toward you.
Unknown command.
Okay, then.
The orc wizard is engulfed in poison gas.
The orc wizard is poisoned.
The orc wizard hits you with a +0 dagger.
The orc priest invokes the aid of Beogh against you.
Pain shoots through your body!
* * * LOW HITPOINT WARNING * * *
The orc wizard looks even sicker.
The orc wizard points at you and mumbles some strange words.
You are more confused.
The orc priest is attracted toward you. The rat is attracted toward you.
Huge Dmg: -33%(-8hp) hp: 34%(8hp) Welcome back, RepHenryClay the Deep Elf Fire Elementalist.
Press ? for a list of commands and other information.
Okay, then.
You hit the orc priest but do no damage.
Your weapon exudes an aura of protection.
The orc priest invokes the aid of Beogh against you.
Pain shoots through your body!
You die...

.......#...#..)..#.#.# #)###
#.######...#####.#.#.# #†#
#.## #...# #.....#.# #.# ...#
#...# #°#○###.###.#### ...##
#...###○#..°.........+
....####...#.......##.##.####
.......†...#.......##.##.#
...#####..##○.○.°..##.##.# .
...# ##..#...°○@o##.##.# ..
...# ##.#°....or§..##.####...
...# #.#.°.....###§§)[.)....
...# #.#....°°○# #§...).....
...# #.######### #..r.......
.... #.## ###+####### ....
#..# . ##.# .. #.# #######
...


You could see an orc priest, an orc wizard (very poisoned) and a rat.

Vanquished Creatures
  Robin (D:2)
  2 adders
  A worm (D:3)
  A dart slug (D:2)
  3 orcs (D:3)
  4 ball pythons
  3 endoplasms (D:2)
  A giant cockroach (D:1)
  10 goblins
  6 hobgoblins
  A jackal (D:2)
  A quokka (D:1)
  2 bats
  6 frilled lizards
  3 kobolds
  A rat (D:1)
46 creatures vanquished.

Vanquished Creatures (others)
  127 foxfires
127 creatures vanquished.

Grand Total: 173 creatures vanquished

Notes
Turn   | Place    | Note
-------+----------+-------------------------------------------
     0 | D:1      | RepHenryClay the Deep Elf Fire Elementalist began the quest
                  | for the Orb.
     0 | D:1      | Reached XP level 1. HP: 10/10 MP: 6/6
   464 | D:1      | Reached XP level 2. HP: 15/15 MP: 2/8
  1266 | D:2      | Found the +7 staff of the Meek {protect, meekguard}
  1393 | D:2      | Reached skill level 4 in Fire Magic
  1393 | D:2      | Reached XP level 3. HP: 16/19 MP: 5/9
  1806 | D:2      | Noticed Robin
  1829 | D:2      | Killed Robin
  1910 | D:2      | Reached skill level 1 in Staves
  2187 | D:2      | Learned a level 2 spell: Scorch
  2268 | D:3      | Reached XP level 4. HP: 19/24 MP: 6/10
  2469 | D:3      | Killed from afar by an orc priest

Illustrated notes

Levels and vault maps discovered:
D:1:      lightli_arrival_flooded_house, layout_basic
D:2:      layout_basic, kennysheep_generic_room_10, uniq_robin
D:3:      layout_basic

Skill      XL: |  1  2  3  4 |
---------------+-------------+-----
Conjurations   | 2 3 |  3.0
Fire Magic     | 4 |  4.3
Staves         | 1 |  1.3
Dodging        | |  2.4
Stealth        | |  2.4
Spellcasting   | |  3.0

Action                     |  1- 3 |  4- 6 || total
---------------------------+-------+-------++-------
  Melee: Quarterstaff      |    19 |     2 ||    21
   Cast: Foxfire           |    70 |     7 ||    77
    Use: Scroll            |     4 |     1 ||     5
         Potion            |     1 |     2 ||     3
   Stab: Sleeping          |       |     1 ||     1
 Armour: Robe              |    24 |     1 ||    25
  Dodge: Dodged            |    29 |       ||    29

Table legend: (Time is in decaauts)
 A = Elapsed time spent in this place.
 B = Non-inter-level travel time spent in this place.
 C = Inter-level travel time spent in this place.
 D = Time resting spent in this place.
 E = Time spent auto-exploring this place.
 F = Levels seen in this place.
 G = Mean time per level.
                   A        B        C        D        E       F      G
               +--------+--------+--------+--------+--------+-----+--------+
         Total |   2477 |   2427 |     50 |      1 |   2120 |   3 |  825.7 |
       Dungeon |   2477 |   2427 |     50 |      1 |   2120 |   3 |  825.7 |
               +--------+--------+--------+--------+--------+-----+--------+

Top non-repeatable levels by time:
     D:2: 1125 daAuts
     D:1: 1093 daAuts
     D:3: 258 daAuts
